 Dungeon Crawl Stone Soup version 0.27-a0-978-g2aa4ecdaef (webtiles) character file.

Game seed: 5908722632893597686

53 Anon1729 the Slasher (level 3, 0/23 HPs)
             Began as a Tengu Berserker on Apr 14, 2021.
             Was a Follower of Trog.
             Succumbed to an adder's poison
             ... on level 2 of the Dungeon.
             The game lasted 00:00:51 (752 turns).

Anon1729 the Slasher (Tengu Berserker)               Turns: 752, Time: 00:00:51

Health: 0/23       AC:  2    Str: 18    XL:     3   Next: 89%
Magic:  4/4        EV: 12    Int:  7    God:    Trog [*.....]
Gold:   32         SH:  0    Dex: 13    Spells: 2/2 levels left

rFire    . . .     SeeInvis .   a - +0 falchion
rCold    + . .     Faith    .   (no shield)
rNeg     . . .     Spirit   .   b - +0 animal skin
rPois    .         Reflect  .   (helmet restricted)
rElec    .         Harm     .   (no cloak)
rCorr    .         Rampage  .   (no gloves)
Will     .....                  (boots unavailable)
Stlth    +.........             (no amulet)
HPRegen  0.07/turn              e - ring of protection from cold
MPRegen  0.09/turn              (no ring)

@: lethally poisoned (0 -> -2)
A: beak, talons 3
a: Renounce Religion, Berserk


You were on level 2 of the Dungeon.
You worshipped Trog.
Trog was aware of your devotion.
You visited 1 branch of the dungeon, and saw 2 of its levels.

You collected 32 gold pieces.

Inventory:

Hand Weapons
 a - a +0 falchion (weapon)
Armour
 b - a +0 animal skin (worn)
Jewellery
 e - a ring of protection from cold (left hand)
Scrolls
 c - a scroll of silence {unknown}
 d - a scroll of teleportation {unknown}


   Skills:
 + Level 3.4 Fighting
 + Level 3.8 Long Blades
 + Level 2.9 Armour
 + Level 2.9 Dodging


You had 2 spell levels left.
You didn't know any spells.
Your spell library was empty.

Dungeon Overview and Level Annotations

Branches:
Dungeon (2/15)

Altars:
Makhleb


Innate Abilities, Weirdness & Mutations

You have a beak for a mouth.
You have claws for feet.


Message History

You closely miss the adder. Your peck misses the adder.
The adder is severely wounded.
The adder bites you.
You are poisoned.
The adder poisons you!
You hit the adder but do no damage. Your kick misses the adder.
Your peck misses the adder.
The adder is severely wounded.
You feel sick. The adder bites you.
You are more poisoned.
The adder poisons you! The adder bites you.
You are too injured to fight recklessly!
You are too injured to fight recklessly!
You are too injured to fight recklessly!
You are too injured to fight recklessly!
You are too injured to fight recklessly!
You are too injured to fight recklessly!
You are too injured to fight recklessly!
You are too injured to fight recklessly!
You barely miss the adder.
The adder is severely wounded.
You feel very sick. The adder bites you.
You hit the adder.
You kill the adder!
Trog accepts your kill.
* * * LOW HITPOINT WARNING * * *
You feel sick.
Unknown command.
You aren't carrying any potions.
Okay, then.
Okay, then.
* * * LOW HITPOINT WARNING * * *
You feel sick.
* * * LOW HITPOINT WARNING * * *
You feel sick.
* * * LOW HITPOINT WARNING * * *
You feel sick.
Found a burning altar of Makhleb.
You die...

. #.# #.....#
#.# #.....## #.#
#.._...# #.# ##
#.... .# #.# >#
#... .### #.#
.#.
##..###...###.#
... #.......#
.##.# ##.
#.@....###.#..#
...
#.####..#..#.##
###
###.#####....#.#
#
........##.#.#.#
# ##.#.#....#
#.# # #.#...####
#.# #.##..# #.#
###
#.##..####.#.#
....
#..........#.#


There were no monsters in sight!

Vanquished Creatures
  An iguana (D:2)
  2 adders (D:2)
  A dart slug (D:2)
  A hobgoblin (D:1)
  3 bats
  A frilled lizard (D:2)
  A kobold (D:2)
  2 rats (D:2)
12 creatures vanquished.

Notes
Turn   | Place    | Note
-------+----------+-------------------------------------------
     0 | D:1      | Anon1729 the Tengu Berserker began the quest for the Orb.
     0 | D:1      | Reached XP level 1. HP: 14/14 MP: 2/2
   272 | D:2      | Reached XP level 2. HP: 13/19 MP: 3/3
   642 | D:2      | Reached XP level 3. HP: 23/23 MP: 4/4
   751 | D:2      | Found a burning altar of Makhleb.
   751 | D:2      | HP: 1/23 [poisoned by an adder]
   752 | D:2      | Succumbed to an adder's poison

Illustrated notes

Levels and vault maps discovered:
D:1:      heliophobic_arrival_henge, layout_basic, minmay_misc_feat_tiny,
          minmay_tree_intersection
D:2:      layout_loops_ring, basic_altar, minmay_pentomino_z2

Action                   || total
-------------------------++-------
Melee: Falchion          ||    30
       Kick              ||     6
       Peck              ||     3
Invok: Berserk           ||     2
 Stab: Sleeping          ||     2
Armor: Animal skin       ||     4
Dodge: Dodged            ||    14
       Rpst.: Falchion   ||     5

Table legend: (Time is in decaauts)
 A = Elapsed time spent in this place.
 B = Non-inter-level travel time spent in this place.
 C = Inter-level travel time spent in this place.
 D = Time resting spent in this place.
 E = Time spent auto-exploring this place.
 F = Levels seen in this place.
 G = Mean time per level.
                   A        B        C        D        E       F      G
               +--------+--------+--------+--------+--------+-----+--------+
         Total |    775 |    775 |      0 |    375 |    295 |   2 |  387.5 |
       Dungeon |    775 |    775 |      0 |    375 |    295 |   2 |  387.5 |
               +--------+--------+--------+--------+--------+-----+--------+

Top non-repeatable levels by time:
     D:2: 735 daAuts
     D:1: 39 daAuts
